 Dungeon Crawl Stone Soup version 0.20-a0-1050-g57248f3 (webtiles) character file.

271 Goblin1989 the Firebug (level 6, 0/32 HPs)
             Began as a Deep Elf Fire Elementalist on Apr 25, 2017.
             Slain by a quasit (1 damage)
             ... while paralysed
             ... on level 5 of the Dungeon.
             The game lasted 00:14:16 (4276 turns).

Goblin1989 the Firebug (Deep Elf Fire Elementalist) Turns: 4276, Time: 00:14:17

Health: 0/32       AC:  5    Str:  5      XL:     6   Next: 2%
Magic:  0/14       EV:  2    Int: 27      God:
Gold:   81         SH:  0    Dex:  0 (15) Spells: 9/13 levels left

rFire    . . .     SeeInvis .   r - +0 dagger (curse)
rCold    . . .     Gourm    .   (no shield)
rNeg     . . .     Faith    .   g - +0 robe
rPois    .         Spirit   .   n - +2 helmet
rElec    .         Reflect  .   (no cloak)
rCorr    .         Harm     .   (no gloves)
MR       .....                  (no boots)
Stlth    ..........             (no amulet)
Regen    0.1/turn               (no ring)
MPRegen  0.2/turn               (no ring)

@: paralysed, brilliant, slowed, lost dexterity
A: no striking features
a: no special abilities


You were on level 5 of the Dungeon.
You were not hungry.

You visited 1 branch of the dungeon, and saw 5 of its levels.

You collected 277 gold pieces.
You spent 196 gold pieces at shops.

Inventory:

Hand Weapons
 r - a cursed +0 dagger (weapon)
Armour
 g - a +0 robe (worn)
 n - a +2 helmet (worn)
 w - a +2 large shield
Scrolls
 c - 4 scrolls of remove curse {unknown}
 d - a scroll of immolation {unknown}
 j - 3 scrolls of identify {@r1}
 k - 3 scrolls of teleportation {!r, @r3}
 l - a scroll of enchant armour {unknown}
 q - 2 scrolls of noise {unknown}
 t - a scroll of amnesia {unknown}
 u - a scroll of fog {unknown}
 v - a scroll of magic mapping {unknown}
 x - a scroll of fear {unknown}
Potions
 a - 2 potions of resistance
 o - a potion of brilliance
 p - 2 potions of curing {@q1}
 s - 2 potions of mutation
Books
 b - a book of Flames

   Spells                             Type                      Level
   a - Flame Tongue                   Conjuration/Fire             1
   b - Throw Flame                    Conjuration/Fire             2
   c - Conjure Flame                  Conjuration/Fire             3
   d - Inner Flame                    Hexes/Fire                   3
   e - Sticky Flame                   Conjuration/Fire             4
   f - Fireball                       Conjuration/Fire             5
Comestibles
 e - 8 bread rations {@e1}
 f - 3 meat rations {@e2}
 i - a fruit
 m - 5 royal jellies


   Skills:
 - Level 2.4 Dodging
 - Level 2.4 Stealth
 + Level 4.4 Spellcasting
 * Level 4.3 Conjurations
 * Level 5.3 Fire Magic


You had 9 spell levels left.
You knew the following spells:

 Your Spells              Type           Power        Failure   Level  Hunger
a - Flame Tongue          Conj/Fire      #####        1%          1    None
j - Conjure Flame         Conj/Fire      #####...     1%          3    ##.....


Dungeon Overview and Level Annotations

Branches:
Dungeon (5/15)
 Temple: D:4-7

Altars:
Wu Jian
The Shining One

Shops:
D:5 ?

Annotations:
D:4 herpmino's ghost, amateur FoFi


Message History

You miss the quasit.
The quasit is almost dead.
The quasit bites you but does no damage.
The quasit claws you.
* * * LOW HITPOINT WARNING * * *
You feel clumsy. The quasit barely misses you. The quasit closely misses you.
The quasit claws you.
* * * LOW HITPOINT WARNING * * *
You feel clumsy. The quasit closely misses you.
You take 3 damage, and have 12/32 hp.
You miss the quasit.
The quasit is almost dead.
The quasit closely misses you. The quasit barely misses you. x2
Unknown command.
You hit the quasit but do no damage.
The quasit is almost dead.
The quasit bites you but does no damage.
The quasit claws you but does no damage.
The quasit closely misses you.
Unknown command.
Casting: Flame Tongue
Confirm with . or Enter, or press ? or * to list all spells.
You don't have enough magic to cast that spell.
The quasit misses you. The quasit claws you.
* * * LOW HITPOINT WARNING * * *
The quasit claws you but does no damage.
You take 1 damage, and have 11/32 hp.
The quasit bites you but does no damage.
The quasit misses you.
The quasit claws you but does no damage.
Casting: Flame Tongue
Confirm with . or Enter, or press ? or * to list all spells.
Aiming: Flame Tongue
Press: ? - help, Shift-Dir - straight line, f/p - quasit
Aim: a quasit (almost dead)
The flame tongue misses the quasit.
The quasit bites you.
* * * LOW HITPOINT WARNING * * *
The quasit claws you.
* * * LOW HITPOINT WARNING * * *
You feel clumsy.
The quasit claws you but does no damage.
You take 4 damage, and have 7/32 hp.
You now have 0/14 mp.
The quasit barely misses you.
The quasit claws you but does no damage.
The quasit claws you.
* * * LOW HITPOINT WARNING * * *
You see here an adder corpse.
You take 1 damage, and have 6/32 hp.
Casting: Flame Tongue
Confirm with . or Enter, or press ? or * to list all spells.
Aiming: Flame Tongue
Press: ? - help, Shift-Dir - straight line, f/p - quasit
Aim: a quasit (severely wounded)
The flame tongue hits the quasit.
The quasit completely resists.
The quasit is severely wounded.
The quasit bites you.
* * * LOW HITPOINT WARNING * * *
The quasit claws you but does no damage.
The quasit claws you.
* * * LOW HITPOINT WARNING * * *
The quasit closely misses you. The quasit claws you.
* * * LOW HITPOINT WARNING * * *
The quasit barely misses you.
You take 3 damage, and have 3/32 hp.
You now have 0/14 mp.
You barely miss the quasit.
The quasit is severely wounded.
The quasit bites you but does no damage.
The quasit claws you but does no damage. x2
You closely miss the quasit.
The quasit is severely wounded.
The quasit misses you.
The quasit claws you but does no damage. x2
You closely miss the quasit.
The quasit is severely wounded.
The quasit closely misses you. x2; The quasit barely misses you.
The quasit bites you but does no damage.
The quasit claws you but does no damage.
The quasit closely misses you.
You miss the quasit.
The quasit is severely wounded.
The quasit barely misses you. The quasit claws you.
* * * LOW HITPOINT WARNING * * *
The quasit claws you but does no damage.
You hit the quasit.
The quasit is almost dead.
The quasit closely misses you. The quasit barely misses you.
The quasit claws you but does no damage.
You closely miss the quasit.
The quasit is almost dead.
The quasit bites you but does no damage.
The quasit claws you.
* * * LOW HITPOINT WARNING * * *
The quasit claws you.
* * * LOW HITPOINT WARNING * * *
You feel clumsy.
You have lost your dexterity.
The quasit bites you but does no damage.
The quasit claws you.
You die... █.█ █<....███.█████ █.█ ██....█ █....█ █.█ ██.█.██████.█ █.█ ███....█ ███ █.█ ██████

█.█ █.█
█.███████████
██......†5@..█
█......█████.█
█..........█.█
█............█
█.......██.███
█.......█....
█.......█..███
█.██.....$██
█. ██.█.█.


You could see a quasit.

Vanquished Creatures
  A centaur (D:5)
  A howler monkey (D:4)
  A hound (D:5)
  5 adders
  3 worms
  5 leopard geckos
  5 orcs (D:3)
  11 bats
  3 giant cockroaches
  A goblin (D:3)
  7 hobgoblins
  4 jackals (D:1)
  4 kobolds
  3 quokkas
  7 frilled lizards
  5 rats
66 creatures vanquished.

Notes
Turn   | Place    | Note
-------+----------+-------------------------------------------
     0 | D:1      | Goblin1989 the Deep Elf Fire Elementalist began the quest for the Orb.
     0 | D:1      | Reached XP level 1. HP: 10/10 MP: 6/6
   278 | D:1      | Reached XP level 2. HP: 15/15 MP: 2/8
  1213 | D:2      | Reached XP level 3. HP: 12/19 MP: 1/10
  1875 | D:2      | Reached skill level 4 in Fire Magic
  1966 | D:2      | Learned a level 3 spell: Conjure Flame
  2386 | D:3      | Reached XP level 4. HP: 24/24 MP: 7/11
  2614 | D:3      | Found an ornate altar of the Wu Jian Council.
  3301 | D:4      | Noticed herpmino's ghost (amateur FoFi)
  3574 | D:3      | Noticed an ogre
  3674 | D:4      | Reached XP level 5. HP: 28/28 MP: 8/13
  3679 | D:4      | Found a glowing golden altar of the Shining One.
  3715 | D:5      | Entered Level 5 of the Dungeon
  3759 | D:5      | Noticed a centaur
  3768 | D:5      | Killed a centaur
  3768 | D:5      | Reached skill level 5 in Fire Magic
  3951 | D:5      | Found Buimethri's Magic Scroll Shoppe.
  3954 | D:5      | Bought a scroll of identify for 28 gold pieces
  3954 | D:5      | Bought a scroll of identify for 28 gold pieces
  3954 | D:5      | Bought a scroll of identify for 28 gold pieces
  3954 | D:5      | Bought a scroll of identify for 28 gold pieces
  3954 | D:5      | Bought a scroll of identify for 28 gold pieces
  3954 | D:5      | Bought a scroll of random uselessness for 14 gold pieces
  3954 | D:5      | Bought a scroll of teleportation for 42 gold pieces
  4192 | D:5      | Reached XP level 6. HP: 31/32 MP: 10/14
  4276 | D:5      | HP: 1/32 [quasit (1)]
  4276 | D:5      | Lost dexterity.
  4276 | D:5      | Slain by a quasit

Vault maps used:
D:1:      tarquinn_simple_flora_water_b
D:2:      first_bread, serial_bayou_pond_c
D:3:      lemuel_crystal_altar
D:4:      kennysheep_kobold_camp, minmay_misc_feat_nine_boxes, tso_altar
D:5:      zin_angel, serial_shops, nicolae_shop_behind_doors

Skill      XL: |  1  2  3  4  5 |
---------------+----------------+-----
Conjurations   | 2 3 4 |  4.3
Fire Magic     | 4 5 |  5.3
Spellcasting   | 4 |  4.4
Dodging        | |  2.4
Stealth        | |  2.4

Action                   |  1- 3 |  4- 6 || total
-------------------------+-------+-------++-------
Melee: Dagger            |       |    20 ||    20
 Cast: Flame Tongue      |    79 |    80 ||   159
  Use: Scroll            |       |     5 ||     5
       Potion            |       |     2 ||     2
  Eat: Chunk             |     4 |     6 ||    10
Armor: Robe              |    13 |    81 ||    94
Dodge: Dodged            |    25 |   117 ||   142

Vault maps used:
D:1:      tarquinn_simple_flora_water_b
D:2:      first_bread, serial_bayou_pond_c
D:3:      lemuel_crystal_altar
D:4:      kennysheep_kobold_camp, minmay_misc_feat_nine_boxes, tso_altar
D:5:      zin_angel, serial_shops, nicolae_shop_behind_doors
